 Dungeon Crawl Stone Soup version 0.21.1-1-g345015fe64 (webtiles) character file.

143 ILYA101 the Grave Robber (level 5, 0/35 HPs)
             Began as a Mummy Necromancer on July 2, 2018.
             Killed from afar by an orc wizard (7 damage)
             ... with a puff of flame
             ... on level 3 of the Dungeon.
             The game lasted 00:15:06 (2495 turns).

ILYA101 the Grave Robber (Mummy Necromancer)        Turns: 2495, Time: 00:15:06

Health: 0/35       AC:  3    Str: 11    XL:     5   Next: 4%
Magic:  0/12       EV: 12    Int: 15    God:
Gold:   90         SH:  0    Dex: 13    Spells: 8/13 levels left

rFire    x . .     SeeInvis .   (no weapon)
rCold    + . .     Gourm    .   (no shield)
rNeg     + + +     Faith    .   a - +0 robe
rPois    ∞         Spirit   .   (no helmet)
rElec    .         Reflect  .   (no cloak)
rCorr    .         Harm     .   e - +0 pair of gloves
MR       .....                  (no boots)
Stlth    ++........             (no amulet)
HPRegen  0.11/turn              (no ring)
MPRegen  0.13/turn              (no ring)

@: no status effects
A: no food or potions, fire vulnerability, cold resistance 1, negative energy
resistance 3, torment resistance, unbreathing
a: no special abilities


You were on level 3 of the Dungeon.
You were not hungry.

You visited 1 branch of the dungeon, and saw 3 of its levels.

You collected 90 gold pieces.

Inventory:

Armour
 a - a +0 robe (worn)
 e - a +0 pair of gloves (worn)
Scrolls
 c - a scroll of amnesia
 d - a scroll of identify
 f - 2 scrolls of enchant armour
 g - a scroll of blinking
Books
 b - a book of Necromancy

   Spells                             Type                      Level
   a - Pain                           Necromancy                   1
   b - Animate Skeleton               Necromancy                   1
   c - Vampiric Draining              Necromancy                   3
   d - Regeneration                   Charms/Necromancy            3
   e - Animate Dead                   Necromancy                   4
   f - Borgnjor's Vile Clutch         Necromancy/Earth             5


   Skills:
 + Level 0.1 Fighting
 + Level 1.6 Dodging
 + Level 2.0 Stealth
 + Level 0.3 Unarmed Combat
 + Level 4.7 Spellcasting
 + Level 5.1 Necromancy


You had 8 spell levels left.
You knew the following spells:

 Your Spells              Type           Power        Failure   Level  Hunger
a - Pain                  Necr           ###.         1%          1    N/A
b - Animate Dead          Necr           N/A          21%         4    N/A

Dungeon Overview and Level Annotations

Branches:
Dungeon (3/15)

Altars:
Cheibriados
Gozag
Sif Muna
Uskayaw
Zin


Innate Abilities, Weirdness & Mutations

You do not eat or drink.
Your flesh is vulnerable to fire.
You are immune to poison.
Your flesh is cold resistant. (rC+)
You are immune to negative energy. (rN+++)
You are immune to unholy pain and torment.
You can survive without breathing.


Message History

Casting: Pain
Confirm with . or Enter, or press ? or * to list all spells.
Aiming: Pain
Press: ? - help, Shift-Dir - straight line, f/p - orc wizard
Aim: an orc wizard, wielding a dagger and wearing a robe (moderately wounded, chance to defeat MR: 78%)
The orc wizard writhes in agony!
The orc wizard hits you with a dagger.
* * * LOW HITPOINT WARNING * * *
You barely miss the orc wizard.
The orc wizard is heavily wounded.
The orc wizard hits you with a dagger.
* * * LOW HITPOINT WARNING * * *
Casting: Pain
Confirm with . or Enter, or press ? or * to list all spells.
Aiming: Pain
Press: ? - help, Shift-Dir - straight line, f/p - orc wizard
Aim: an orc wizard, wielding a dagger and wearing a robe (heavily wounded, chance to defeat MR: 78%)
The orc wizard writhes in agony!
The orc wizard casts a spell at you. The puff of flame hits you!
The fire burns you terribly!
You die...

....# ...#### .. ......# ##.
#.##..# ... . ..#...# #.. ..
.....## #.# ..#
.....#####.#### ###### ....
.##....>.)..†.#####..†.# .....
.#...#####.##...@o).)..#.....#
..[..###...##########.....#
.........### #....#..#
##.......# #w....###
#....##### ..o..#..# .....#
..#....#..# ....## ..g.######
#...# ..#.. ....# ..#..


You could see an orc wizard.

Vanquished Creatures
  An orc priest (D:3)
  5 adders
  2 worms
  5 dart slugs
  2 leopard geckos (D:2)
  4 orcs (D:3)
  7 bats
  2 giant cockroaches (D:2)
  5 goblins
  4 hobgoblins
  3 quokkas
  3 frilled lizards
  4 kobolds
  5 rats
52 creatures vanquished.

Vanquished Creatures (collateral kills)
  A hobgoblin (D:3)
1 creature vanquished.

Vanquished Creatures (others)
  A giant cockroach (D:3)
1 creature vanquished.

Grand Total: 54 creatures vanquished

Notes
Turn   | Place    | Note
-------+----------+-------------------------------------------
     0 | D:1      | ILYA101 the Mummy Necromancer began the quest for the Orb.
     0 | D:1      | Reached XP level 1. HP: 13/13 MP: 4/4
   225 | D:1      | Reached XP level 2. HP: 17/19 MP: 0/5
   453 | D:1      | Learned a level 1 spell: Animate Skeleton
  1086 | D:2      | Reached XP level 3. HP: 24/24 MP: 3/7
  1623 | D:2      | Found a glowing silver altar of Zin.
  1624 | D:2      | Found an opulent altar of Gozag.
  1653 | D:2      | Reached XP level 4. HP: 30/30 MP: 7/10
  1691 | D:2      | Found a hide-covered altar of Uskayaw.
  1691 | D:2      | Noticed a dagger
  1692 | D:2      | Noticed a hand axe
  1902 | D:2      | Found a snail-covered altar of Cheibriados.
  1902 | D:2      | Found a deep blue altar of Sif Muna.
  2209 | D:3      | Learned a level 4 spell: Animate Dead
  2283 | D:3      | Reached skill level 5 in Necromancy
  2465 | D:3      | Reached XP level 5. HP: 23/35 MP: 3/12
  2495 | D:3      | Killed from afar by an orc wizard

Skill      XL: |  1  2  3  4 |
---------------+-------------+-----
Spellcasting   | 3 4 |  4.7
Necromancy     | 5 |  5.1
Stealth        | 2 |  2.0
Fighting       | |  0.1
Dodging        | |  1.6
Unarmed Combat | |  0.3

Action                   |  1- 3 |  4- 6 || total
-------------------------+-------+-------++-------
Melee: Unarmed           |    21 |    24 ||    45
 Cast: Pain              |    80 |    45 ||   125
       Animate Dead      |       |     2 ||     2
  Use: Scroll            |     3 |     1 ||     4
 Stab: Sleeping          |       |     2 ||     2
Armor: Robe              |     5 |     9 ||    14
Dodge: Dodged            |    24 |    18 ||    42
